AoeStats
← Ux'DonChauron

African Clearing

510619258Analyzed
4v4 RM · 1d ago on Oct 1, 2026· 48m 4s· 8 players
Game mode
Random Map
Map size
Large (8 player)
Population
200
Speed
Normal
Resources
Standard
Victory
Conquest
Starting age
Dark Age
Ending age
Imperial Age
RankedLock teamsTeams togetherTeam positionsShared explorationLock speedFull tech treeHidden civsTurbo modeCheats
Victory
Defeat
🇨🇳 Dravidians · China
1707
+8
🇨🇳 Turks · China
1617
+11
🇪🇸 Japanese · Spain
1584
+12
🇪🇸 Aztecs · Spain
1570
+12
🇪🇸 Mongols · Spain
1596
-14
🇪🇸 Vietnamese · Spain
1499
-11
🇪🇸 Koreans · Spain
1495
-11
1393
-7
milarreach
12:40 Feudal Age
11:48 Loom
16:54 Castle Age
15:32 Double-Bit Axe
16:06 Town Watch
17:53 Bow Saw
25:07 Wheelbarrow
25:01 Fletching
25:35 Padded Archer Armor
26:31 Fishing Lines
26:54 Gold Mining
27:39 Bloodlines
28:19 Ballistics
27:52 Horse Collar
29:07 Bodkin Arrow
29:37 Gillnets
30:21 Leather Archer Armor
30:08 Husbandry
32:07 Thumb Ring
32:30 Hand Cart
38:48 Imperial Age
37:40 Heavy Plow
40:29 Chemistry
39:43 Bracer
40:13 Parthian Tactics
40:52 Gold Shaft Mining
40:42 Masonry
42:01 Ring Archer Armor
42:13 Conscription
42:22 Town Patrol
44:10 Kataparuto
43:58 Heavy Cavalry Archer
46:21 Two-Man Saw
47:49 Scale Barding Armor
47:55 Forging
Glaki
11:22 Loom
13:08 Feudal Age
17:16 Castle Age
15:31 Double-Bit Axe
16:42 Horse Collar
17:35 Elite Skirmisher
19:15 Padded Archer Armor
30:19 Bow Saw
32:16 Fervor
33:51 Town Watch
40:30 Sanctity
41:57 Wheelbarrow
44:56 Hand Cart
45:13 Gold Mining
50:22 Imperial Age
Bz_青红
12:46 Feudal Age
16:25 Castle Age
14:51 Double-Bit Axe
15:10 Horse Collar
16:49 Loom
16:49 Town Watch
17:18 Bow Saw
17:12 Heavy Plow
19:34 Scale Barding Armor
21:56 Wheelbarrow
21:55 Bloodlines
24:06 Chain Barding Armor
26:36 Hand Cart
32:33 Husbandry
32:45 Forging
35:15 Iron Casting
40:52 Imperial Age
41:04 Cavalier
42:21 Plate Barding Armor
42:09 Conscription
42:47 Elite Janissary
46:46 Blast Furnace
脏丶辫
12:38 Feudal Age
14:12 Double-Bit Axe
16:27 Castle Age
15:06 Horse Collar
16:27 Fletching
17:22 Loom
17:48 Bodkin Arrow
18:47 Crossbowman
19:46 Bow Saw
26:17 Ballistics
25:59 Padded Archer Armor
31:26 Wheelbarrow
30:51 Gold Mining
32:22 Town Watch
34:02 Hand Cart
36:23 Imperial Age
35:10 Thumb Ring
36:52 Heavy Plow
37:31 Bracer
36:53 Arbalester
39:46 Chemistry
39:04 Leather Archer Armor
39:13 Scale Mail Armor
39:23 Forging
40:55 Ring Archer Armor
41:17 Conscription
42:33 Scale Mail Armor
43:09 Iron Casting
42:16 Pikeman
42:57 Squires
42:42 Gambesons
42:47 Halberdier
43:43 Chain Mail Armor
44:52 Two-Man Saw
45:46 Blast Furnace
45:21 Stone Mining
46:37 Plate Mail Armor
47:06 Man-at-Arms
Ux'DonChauron
6:46 Loom
10:05 Feudal Age
12:06 Fletching
20:54 Castle Age
19:09 Horse Collar
19:41 Double-Bit Axe
21:13 Padded Archer Armor
22:01 Crossbowman
23:51 Bodkin Arrow
30:02 Light Cavalry
30:47 Husbandry
31:13 Padded Archer Armor
32:09 Ballistics
34:24 Town Watch
36:22 Bloodlines
41:01 Wheelbarrow
41:09 Gold Mining
42:21 Masonry
43:01 Hand Cart
43:41 Stone Mining
47:53 Imperial Age
48:15 Stone Shaft Mining
48:16 Gold Shaft Mining
48:25 Leather Archer Armor
Ux'Tycho0201
6:44 Loom
13:28 Feudal Age
17:44 Castle Age
18:28 Double-Bit Axe
18:55 Fletching
26:49 Horse Collar
29:18 Bodkin Arrow
31:14 Ballistics
32:02 Husbandry
33:10 Bow Saw
33:27 Town Watch
33:45 Elite Skirmisher
38:42 Wheelbarrow
38:49 Wheelbarrow
39:18 Thumb Ring
43:46 Imperial Age
42:16 Hand Cart
44:31 Imperial Age
42:24 Eupseong
42:31 Heavy Plow
43:03 Gold Mining
44:24 Scale Mail Armor
44:25 Man-at-Arms
45:06 Squires
45:24 Chain Mail Armor
45:19 Forging
46:18 Chemistry
46:26 Conscription
45:35 Long Swordsman
46:00 Arson
46:36 Masonry
46:07 Treadmill Crane
48:29 Two-Man Saw
47:00 Two-Handed Swordsman
Izuru Alexandros RÆ
9:30 Loom
11:43 Feudal Age
12:07 Double-Bit Axe
16:38 Forging
21:57 Castle Age
20:38 Horse Collar
23:47 Wheelbarrow
28:05 Scale Barding Armor
28:36 Iron Casting
28:28 Hand Cart
28:43 Gold Mining
30:48 Bloodlines
31:20 Chain Barding Armor
33:35 Husbandry
40:01 Imperial Age
38:01 Bow Saw
39:07 Gold Shaft Mining
39:50 Cavalier
41:12 Plate Barding Armor
43:02 Blast Furnace
42:50 Savar
Ux'TheNovack
6:21 Loom
12:48 Feudal Age
13:23 Double-Bit Axe
16:02 Fletching
24:12 Castle Age
24:19 Crossbowman
25:00 Bodkin Arrow
26:08 Wheelbarrow
29:53 Horse Collar
30:22 Gold Mining
31:48 Ballistics
32:22 Thumb Ring
36:55 Imperial Age
35:04 Padded Archer Armor
36:56 Arbalester
37:38 Bracer
38:48 Chemistry
38:09 Stone Mining
38:39 Elite Skirmisher
41:36 Imperial Skirmisher
47:56 Leather Archer Armor
Connection lost

Rejoining the realm…

Still unreachable

The connection could not be restored.

Session expired

The server has moved on; the page needs a fresh start.